 Dungeon Crawl Stone Soup version 0.29-a0-219-g0a02b1cf4f (webtiles) character file.

Game seed: 9512971038579165537

53 bande the Covered (level 3, -3/24 HPs)
             Began as a Gargoyle Fighter on Feb 26, 2022.
             Killed from afar by Natasha (9 damage)
             ... with a magic dart
             ... on level 2 of the Dungeon.
             The game lasted 00:02:12 (1547 turns).

bande the Covered (Gargoyle Fighter)                Turns: 1547, Time: 00:02:13

Health: -3/24      AC: 10    Str: 19    XL:     3   Next: 89%
Magic:  3/3        EV:  9    Int:  8    God:
Gold:   122        SH:  4    Dex: 11    Spells: 2/2 levels left

rFire   . . .      SeeInvis .   a - +0 war axe
rCold   . . .      Faith    .   c - +0 buckler
rNeg    + . .      Spirit   .   b - +0 scale mail
rPois   ∞          Reflect  .   (no helmet)
rElec   +          Harm     .   (no cloak)
rCorr   .          Rampage  .   (no gloves)
Will    +....                   (no boots)
Stlth   ..........              (no amulet)
HPRegen 0.08/turn               h - ring of flight
MPRegen 0.08/turn               l - ring of willpower

@: flying, slowed, very slow
A: sickness immunity, AC +3, negative energy resistance 1, electricity
resistance, torment resistance 1, petrification resistance
a: no special abilities


You were on level 2 of the Dungeon.
You visited 1 branch of the dungeon, and saw 2 of its levels.

You collected 122 gold pieces.

Inventory:

Hand Weapons
 a - a +0 war axe (weapon)
Armour
 b - a +0 scale mail (worn)
 c - a +0 buckler (worn)
Jewellery
 h - a ring of flight (left hand)
 l - a ring of willpower (right hand)
Scrolls
 e - a scroll of teleportation {unknown}
 f - a scroll of brand weapon {unknown}
 j - a scroll of blinking {unknown}
Potions
 d - a potion of might
 g - a potion of lignification {unknown}
 i - a potion of heal wounds {unknown}
 k - a potion of invisibility {unknown}
 m - a potion of magic {unknown}


   Skills:
 + Level 3.6 Fighting
 + Level 2.6 Axes
 + Level 4.0 Armour
 + Level 3.5 Shields


You had 2 spell levels left.
You didn't know any spells.
Your spell library was empty.

Dungeon Overview and Level Annotations

Branches:
Dungeon (2/15)

Altars:

Annotations:
D:2 Natasha


Innate Abilities, Weirdness & Mutations

You are immune to sickness and miasma.
Your stone body is resilient. (AC +3)
You are immune to poison.
You resist negative energy. (rN+)
You are resistant to electric shocks. (rElec)
You are resistant to unholy torment.
You are immune to petrification.


Message History

Unknown command.
You slash Natasha!
You kill Natasha!
Natasha screams in pain as she dies!
The shadow imp disappears in a puff of smoke!
Your Armour skill increases to level 4!
Unknown command.
You start resting.
Natasha, Servant of Life and Death comes into view.
Natasha is nearby!
Natasha is nearby!
Natasha is nearby!
A rat comes into view.
You block the rat's attack.
You closely miss the rat.
Natasha wildly gestures.
You feel disoriented. Natasha casts a spell at you.
You resist with almost no effort. The rat bites you but does no damage.
You slash the rat!
You kill the rat!
Natasha stares at you and mumbles some strange words.
The magic dart hits you but does no damage.
Natasha casts a spell at you.
You feel yourself slow down.
You see here a rat corpse.
Natasha casts a spell at you. The magic dart hits you.
* * * LOW HITPOINT WARNING * * *
Natasha casts a spell.
Natasha casts a spell.
You see here a rat corpse.
Natasha mumbles some strange words.
The crimson imp hits you.
* * * LOW HITPOINT WARNING * * *
You closely miss the crimson imp. The crimson imp misses you.
The crimson imp blinks!
Natasha stares at you and mumbles some strange words.
The magic dart hits you!
You die...

#.. ##.....###.#
... #..........##
####.####
#......####.##
........###.h...##
##..
#...55.......# #.#
####5###.#..## #..
#h# #.....# #.#
#§# ###...# #.#
#@# #...######.#
#†# #...........
#.# ###.####.#.#
#.# #.# ##.#.# #.#
#.# #..... #.# #.#
#..#.# #.# #.#
#..#.# ..# #.#
#..... ###
##>###^#...


You could see Natasha, a crimson imp (summoned) and 2 white imps.

Vanquished Creatures
  Natasha (D:2)
  3 endoplasms
  2 giant cockroaches (D:1)
  A goblin (D:1)
  4 hobgoblins (D:1)
  3 quokkas (D:1)
  4 ball pythons
  3 bats
  2 frilled lizards (D:1)
  2 kobolds (D:1)
  5 rats
30 creatures vanquished.

Notes
Turn   | Place    | Note
-------+----------+-------------------------------------------
     0 | D:1      | bande the Gargoyle Fighter began the quest for the Orb.
     0 | D:1      | Reached XP level 1. HP: 14/14 MP: 1/1
   370 | D:1      | Reached XP level 2. HP: 16/19 MP: 2/2
   935 | D:1      | Reached XP level 3. HP: 22/23 MP: 3/3
  1010 | D:1      | Found a faded altar of an unknown god.
  1512 | D:2      | Noticed Natasha
  1520 | D:2      | Killed Natasha
  1521 | D:2      | Reached skill level 4 in Armour
  1534 | D:2      | Noticed Natasha
  1547 | D:2      | Killed from afar by Natasha

Illustrated notes

Levels and vault maps discovered:
D:1:      heliophobic_arrival_ceremonial_halls, layout_basic,
          dreamdust_ecumenical_altar_angels_and_demons,
          hangedman_abyss_or_decor_stabs, minmay_close_crescents
D:2:      layout_loops_ring, serial_shops, shop, uniq_natasha

Skill      XL: |  1  2  3 |
---------------+----------+-----
Axes           | 2 |  2.6
Armour         | 4 |  4.0
Fighting       | |  3.6
Shields        | |  3.5

Action                   || total
-------------------------++-------
Melee: War axe           ||   123
Armor: Scale mail        ||    67
Dodge: Dodged            ||    53
Block: Buckler           ||    31

Table legend: (Time is in decaauts)
 A = Elapsed time spent in this place.
 B = Non-inter-level travel time spent in this place.
 C = Inter-level travel time spent in this place.
 D = Time resting spent in this place.
 E = Time spent auto-exploring this place.
 F = Levels seen in this place.
 G = Mean time per level.
                   A        B        C        D        E       F      G
               +--------+--------+--------+--------+--------+-----+--------+
         Total |   1601 |   1601 |      0 |    262 |   1008 |   2 |  800.5 |
       Dungeon |   1601 |   1601 |      0 |    262 |   1008 |   2 |  800.5 |
               +--------+--------+--------+--------+--------+-----+--------+

Top non-repeatable levels by time:
     D:1: 1205 daAuts
     D:2: 395 daAuts
